 Dungeon Crawl Stone Soup version 0.29-a0-925-g0a7a3d12f8 (webtiles) character file.

Game seed: 6325082614731371428

116 quixfox the Digger (level 5, -2/28 HPs)
             Began as a Gargoyle Earth Elementalist on July 29, 2022.
             Slain by an orc
             ... wielding a +0 short sword
              (4 damage)
             ... on level 4 of the Dungeon.
             The game lasted 00:03:43 (2895 turns).

quixfox the Digger (Gargoyle Earth Elementalist)    Turns: 2895, Time: 00:03:44

Health: -2/28      AC: -2    Str: 12    XL:     5   Next: 1%
Magic:  1/9        EV: 11    Int: 17    God:
Gold:   206        SH:  0    Dex: 10    Spells: 4/10 levels left

rFire   . . .      SeeInvis .   g - +0 mace
rCold   . . .      Faith    .   (no shield)
rNeg    + . .      Spirit   .   a - +0 robe
rPois   ∞          Reflect  .   (no helmet)
rElec   +          Harm     .   (no cloak)
rCorr   .          Rampage  .   (no gloves)
Will    .....                   (no boots)
Stlth   ++........              (no amulet)
HPRegen 0.09/turn               (no ring)
MPRegen 0.11/turn               (no ring)

@: corroded
A: sickness immunity, AC +4, negative energy resistance 1, electricity
resistance, torment resistance 1, petrification resistance
a: no special abilities


You were on level 4 of the Dungeon.
You visited 1 branch of the dungeon, and saw 4 of its levels.

You collected 206 gold pieces.

Inventory:

Hand Weapons
 g - a +0 mace (weapon)
Armour
 a - a +0 robe (worn)
Scrolls
 e - a scroll of fog
 k - a scroll of identify
Potions
 b - a potion of magic
 c - 3 potions of heal wounds {unknown}
 d - 3 potions of curing
 f - a potion of degeneration {unknown}
 h - 2 potions of attraction {unknown}
 i - 2 potions of cancellation {unknown}
 j - 2 potions of flight {unknown}


   Skills:
 - Level 1.5 Dodging
 - Level 2.1 Stealth
 + Level 3.2 Spellcasting
 + Level 2.0 Conjurations
 - Level 0.7 Transmutations
 + Level 5.0 Earth Magic


You had 4 spell levels left.
You knew the following spells:

 Your Spells              Type           Power      Damage    Failure   Level
a - Sandblast             Erth           40%        2d10      2%          1
b - Passwall              Tmut/Erth      10%        N/A       8%          2
c - Stone Arrow           Conj/Erth      28%        3d8       12%         3

Your spell library contained the following spells:

 Spells                   Type           Power      Damage    Failure   Level
 Freeze                   Ice            8%         1d3       17%         1
 Frozen Ramparts          Ice            4%         1d2       45%         3
 Petrify                  Tmut/Erth      12%        N/A       45%         4
 Hailstorm                Conj/Ice       6%         3d4       75%         4


Dungeon Overview and Level Annotations

Branches:
Dungeon (4/15)
 Temple: D:4-7

Altars:
Kikubaaqudgha


Innate Abilities, Weirdness & Mutations

You are immune to sickness and miasma.
Your stone body is resilient. (AC +4)
You are immune to poison.
You resist negative energy. (rN+)
You are resistant to electric shocks. (rElec)
You are resistant to unholy torment.
You are immune to petrification.


Message History

The blast of sand hits the orc!
You kill the orc!
The orc shouts!
A jelly comes into view.
An orc comes into view. It is wielding a +0 short sword.
The blast of sand hits the orc.
The orc is severely wounded.
The jelly quivers.
The blast of sand hits the orc!
You kill the orc!
The blast of sand hits the jelly.
The jelly is moderately wounded.
The jelly hits you but does no damage.
The blast of sand hits the jelly!
The jelly is severely wounded.
The jelly hits you. The acid corrodes you!
You are splashed with acid!
The jelly hits you. The acid corrodes you!
You are splashed with acid.
* * * LOW HITPOINT WARNING * * *
You are too injured to fight recklessly!
Aiming: Sandblast (safe; 2% risk of failure)
Press: ? - help, Q - select action, (/) - cycle Shift-Dir - straight line, f/p - jelly
Aim: a jelly (severely wounded, 100% to hit)
The blast of sand hits the jelly!
You kill the jelly!
The orc misses you.
Your Conjurations skill increases to level 2!
Your Earth Magic skill increases to level 5!
You have reached level 5!
Aiming: Sandblast (safe; 2% risk of failure)
Press: ? - help, Q - select action, (/) - cycle Shift-Dir - straight line, f - orc
Aim: an orc, wielding a +0 short sword and wearing a +0 chain mail (87% to hit)
The blast of sand hits the orc but does no damage.
The orc barely misses you. The orc hits you with a +0 short sword.
* * * LOW HITPOINT WARNING * * *
Aiming: Sandblast (safe; 2% risk of failure)
Press: ? - help, Q - select action, (/) - cycle Shift-Dir - straight line, f/p - orc
Aim: an orc, wielding a +0 short sword and wearing a +0 chain mail (87% to hit)
The blast of sand misses the orc.
The orc closely misses you. The orc hits you with a +0 short sword.
You die...

#.# #.#
#.##.# ..#
#.##.# ###
#.##.#
#.##.#
#.##.#
#....#
###..#
########..#
....))o@..#
########.##
#.# #.# #.#
#.# #.# .#


You could see an orc.

Vanquished Creatures
  A jelly (D:4)
  3 adders
  A worm (D:2)
  A dart slug (D:1)
  2 orcs (D:4)
  5 ball pythons
  6 endoplasms
  3 giant cockroaches
  6 goblins
  5 hobgoblins
  2 quokkas
  3 bats (D:1)
  2 frilled lizards
  7 kobolds
  5 rats
52 creatures vanquished.

Notes
Turn   | Place    | Note
-------+----------+-------------------------------------------
     0 | D:1      | quixfox the Gargoyle Earth Elementalist began the quest for
                  | the Orb.
     0 | D:1      | Reached XP level 1. HP: 10/10 MP: 3/3
     1 | D:1      | Found an ancient bone altar of Kikubaaqudgha.
   113 | D:1      | Reached skill level 4 in Earth Magic
   113 | D:1      | Reached XP level 2. HP: 6/15 MP: 0/5
   890 | D:1      | Reached XP level 3. HP: 19/19 MP: 4/6
   893 | D:1      | Learned a level 2 spell: Passwall
   897 | D:1      | Learned a level 3 spell: Stone Arrow
  1268 | D:2      | Found a faded altar of an unknown god.
  1694 | D:2      | Reached skill level 1 in Conjurations
  2167 | D:3      | Reached XP level 4. HP: 19/24 MP: 1/8
  2894 | D:4      | Reached skill level 5 in Earth Magic
  2894 | D:4      | Reached XP level 5. HP: 7/28 MP: 3/9
  2895 | D:4      | Slain by an orc

Illustrated notes

Levels and vault maps discovered:
D:1:      sevenhm_arrival_forest_fort_small_6, layout_basic
D:2:      layout_basic, ebering_ecumenical_altar_petrified, chequers_big_river
D:3:      layout_basic
D:4:      cheibrodos_barr_body, layout_loops_ring, dreamdust_princess_bridge,
          uniq_duvessa

Skill      XL: |  1  2  3  4 |
---------------+-------------+-----
Earth Magic    | 4 5 |  5.0
Conjurations   | 1 2 |  2.0
Spellcasting   | 3 |  3.2
Dodging        | |  1.5
Stealth        | |  2.1
Transmutations | |  0.7

Action                   |  1- 3 |  4- 6 || total
-------------------------+-------+-------++-------
Melee: Unarmed           |     5 |       ||     5
 Cast: Sandblast         |    58 |    23 ||    81
  Use: Scroll            |       |     6 ||     6
Armor: Robe              |    14 |     3 ||    17
Dodge: Dodged            |    25 |     4 ||    29

Table legend: (Time is in decaauts)
 A = Elapsed time spent in this place.
 B = Non-inter-level travel time spent in this place.
 C = Inter-level travel time spent in this place.
 D = Time resting spent in this place.
 E = Time spent auto-exploring this place.
 F = Levels seen in this place.
 G = Mean time per level.
                   A        B        C        D        E       F      G
               +--------+--------+--------+--------+--------+-----+--------+
         Total |   2991 |   2861 |    130 |      2 |   2489 |   4 |  747.8 |
       Dungeon |   2991 |   2861 |    130 |      2 |   2489 |   4 |  747.8 |
               +--------+--------+--------+--------+--------+-----+--------+

Top non-repeatable levels by time:
     D:2: 1235 daAuts
     D:1: 1023 daAuts
     D:3: 617 daAuts
     D:4: 115 daAuts
